 Dungeon Crawl Stone Soup version 0.20.1-1-g8b1a95d (webtiles) character file.

918009 Glen the Conqueror (level 27, 0/191 HPs)
             Began as a Minotaur Gladiator on Sept 17, 2017.
             Was the Champion of the Shining One.
             Slain by a large abomination (2 damage)
             ... while paralysed by accursed screaming
             ... on level 19 of a ziggurat on Sept 23, 2017.
             The game lasted 17:26:22 (81912 turns).

Glen the Conqueror (Minotaur Gladiator)            Turns: 81912, Time: 17:26:25

Health: 0/191      AC: 37    Str: 34      XL:     27
Magic:  13/20      EV:  2    Int: -1 (1)  God:    the Shining One [******]
Gold:   7434       SH:  0    Dex: 13 (14) Spells: 26/26 levels left

rFire    + + .     SeeInvis +   d - +9 broad axe (holy)
rCold    + + .     Gourm    .   y - +4 shield "Kiupne" {Regen+ MP-9 SInv}
rNeg     + + +     Faith    .   T - +5 shadow dragon scales of the Rose {rElec rC+ Int-5 Slay+2 Stlth++++}
rPois    +         Spirit   .   h - +2 hat {MR+}
rElec    +         Reflect  +   B - scarf {cloud immunity}
rCorr    +         Harm     .   w - +2 pair of gloves "Nuleoh" {rPois Str+4}
MR       ++++.     Rnd*Rage +   v - +2 pair of boots of the Assassin {Detection Stab+ Stlth++} Stlth +++.......Rnd*Tele +
                                E - amulet of Wocw {Reflect rF+ rC+ rN+ SH+4 Stlth+}
Regen    0.0/turn               n - ring of the Middle {rCorr Str+8}
MPRegen  0.2/turn               X - ring of Fijahete {rF+ Int+5 Stlth+}

@: confused, paralysed, divine shield, non-regenerating, diseased, slowed, lost
intelligence, glowing
A: retaliatory headbutt, fangs 1, horns 2, [berserk 3], [blurry vision 3],
[clumsy 2], [deterioration 2], [dopey 2], [frail 3], [low mp 2], magic
resistance 1, [screaming 3], [inhibited regeneration], [teleportitis 3], [weak
2], [subdued magic 3], MP-powered wands, sturdy frame 1
}: 4/15 runes: decaying, serpentine, slimy, silver
a: Divine Shield, Cleansing Flame, Summon Divine Warrior, Renounce Religion


You were on level 19 of a ziggurat.
You worshipped the Shining One.
The Shining One was exalted by your worship.
You were very hungry.

You visited 14 branches of the dungeon, and saw 62 of its levels.
You visited the Abyss 1 time.
You visited 3 bazaars.
You visited 1 ziggurat, and saw 19 of its levels.
You also visited: Trove and Ice Cave.

You collected 10638 gold pieces.
You spent 3204 gold pieces at shops.

Inventory:

Hand Weapons
 d - a +9 broad axe of holy wrath (weapon)
 g - the +8 broad axe of Starshine {flame, +Blink rElec}
   (You took it off a deep elf annihilator on level 3 of the Elven Halls)

   It has been specially enchanted to burn those struck by it, causing extra
   injury to most foes and up to half again as much damage against particularly
   susceptible opponents.
   Big, fiery blades are also staple armaments of hydra-hunters.
   It insulates you from electricity.
   It lets you blink.
 C - a +5 trishula of holy wrath
Missiles
 b - 3 throwing nets
 f - 5 tomahawks of dispersal
 W - 4 poisoned javelins (quivered)
Armour
 h - a +2 hat of magic resistance (worn)
 l - a +2 pair of boots of running
 t - a +10 plate armour of ponderousness
 v - the +2 pair of boots of the Assassin (worn) {Detection Stab+ Stlth++}
   (You found it on level 2 of the Depths)

   It makes you much more stealthy.
 w - the +2 pair of gloves "Nuleoh" (worn) {rPois Str+4}
   (You found it on level 3 of the Elven Halls)

   It affects your strength (+4).
   It protects you from poison.
 y - the +4 shield "Kiupne" (worn) {Regen+ MP-9 SInv}
   (You bought it in a shop on level 5 of the Depths)

   It affects your magic capacity (-9).
   It lets you see invisible.
   It increases your rate of regeneration.
 B - a scarf of cloud immunity (worn)
 T - the +5 shadow dragon scales of the Rose (worn) {rElec rC+ Int-5 Slay+2 Stlth++++}
   (You found it on level 2 of the Depths)

   It affects your intelligence (-5).
   It affects your accuracy and damage with ranged weapons and melee attacks
   (+2).
   It protects you from cold.
   It insulates you from electricity.
   It makes you much more stealthy.
 U - the +2 shield of Resistance {rF+ rC+ MR+}
   (You bought it in a shop on level 6 of the Dungeon)

   It protects you from fire.
   It protects you from cold.
   It affects your resistance to hostile enchantments.
Jewellery
 e - the ring "Qiji" {rPois MR+ Dex+5}
   (You took it off a deep elf elementalist on level 3 of the Elven Halls)

   [ring of poison resistance]

   It affects your dexterity (+5).
   It protects you from poison.
   It affects your resistance to hostile enchantments.
 n - the ring of the Middle (left hand) {rCorr Str+8}
   (You found it on level 3 of the Realm of Zot)

   [ring of resist corrosion]

   It affects your strength (+8).
 E - the amulet of Wocw (around neck) {Reflect rF+ rC+ rN+ SH+4 Stlth+}
   (You found it on level 5 of the Vaults)

   [amulet of reflection]

   It shields you and reflects attacks.
   It protects you from fire.
   It protects you from cold.
   It protects you from negative energy.
   It affects your SH (+4).
   It makes you more stealthy.
 K - the ring "Jiesih" {rN+ Str+6 Stlth+}
   (You found it on level 13 of a ziggurat)

   [ring of positive energy]

   It affects your strength (+6).
   It protects you from negative energy.
   It makes you more stealthy.
 P - the amulet of the Locust {rC+ rN++ Regen+ Str+2 Int-3}
   (You found it on level 3 of the Crypt)

   [amulet of regeneration]

   It affects your strength (+2).
   It affects your intelligence (-3).
   It protects you from cold.
   It greatly protects you from negative energy.
   It increases your rate of regeneration.
 V - the amulet of the Four Winds {rN+ MR+++ Clar}
   (You found it on level 11 of the Dungeon)

   [amulet of nothing]

   It protects you from negative energy.
   It affects your resistance to hostile enchantments.
   It protects you against confusion.
 X - the ring of Fijahete (right hand) {rF+ Int+5 Stlth+}
   (You found it on level 4 of the Vaults)

   [ring of protection from fire]

   It affects your intelligence (+5).
   It protects you from fire.
   It makes you more stealthy.
 Y - the ring "Tulyffu" {+Fly rPois rF+ rN+ Dex-5}
   (You found it on level 3 of the Crypt)

   [ring of positive energy]

   It affects your dexterity (-5).
   It protects you from fire.
   It protects you from poison.
   It protects you from negative energy.
   It lets you fly.
Wands
 a - a wand of digging (6/24)
Scrolls
 c - 7 scrolls of enchant armour
 i - 4 scrolls of silence
 j - 3 scrolls of brand weapon
 k - 9 scrolls of blinking
 m - 14 scrolls of recharging
 q - 8 scrolls of fog
 s - a scroll of holy word
 u - 3 scrolls of summoning
 x - 34 scrolls of remove curse
 A - 32 scrolls of teleportation
 J - 6 scrolls of identify
 N - 11 scrolls of magic mapping
 Q - 3 scrolls of fear
 R - 2 scrolls of enchant weapon
Potions
 o - 13 potions of flight
 p - 3 potions of agility
 r - 4 potions of berserk rage
 z - 3 potions of haste
 D - 7 potions of might
 M - 17 potions of curing
 S - 3 potions of mutation
 Z - a potion of cancellation
Miscellaneous
 H - 4 phantom mirrors
 I - a phial of floods
Comestibles
 F - 13 fruits
 L - a bread ration
 O - 17 royal jellies


   Skills:
 O Level 27 Fighting
 O Level 27 Axes
 - Level 5.0 Throwing
 O Level 27 Armour
 O Level 27 Dodging
 + Level 15.2 Stealth
 O Level 27 Shields
 - Level 0.2 Unarmed Combat
 + Level 23.4 Invocations
 - Level 8.0 Evocations


You had 26 spell levels left.
You didn't know any spells.

Dungeon Overview and Level Annotations

Branches:
Dungeon (15/15)            Temple (1/1) D:7            Lair (6/6) D:8
  Swamp (4/4) Lair:3        Snake (4/4) Lair:3        Slime (5/5) Lair:5
    Orc (2/2) D:9             Elf (3/3) Orc:2        Vaults (5/5) D:13
  Crypt (3/3) Vaults:3       Tomb (3/3) Crypt:3      Depths (5/5) D:15
   Hell (1/1)                 Dis (0/7) Hell            Geh (0/7) Hell
    Coc (0/7) Hell            Tar (0/7) Hell            Zot (5/5) Depths:5

Altars:
Ashenzari
Cheibriados
Dithmenos
Elyvilon
Fedhas
Gozag
Hepliaklqana
Kikubaaqudgha
Makhleb
Nemelex Xobeh
Okawaru
Qazlal
Ru
Sif Muna
Trog
Uskayaw
Vehumet
Xom
Yredelemnul
Zin
The Shining One
Beogh

Shops:
D:6 [(([   Orc:2 =??=   Elf:2 }}==   Vaults:1 =   Depths:2 %   Depths:5 [:

Portals:
Hell: Lair:6 Depths:1 Depths:2 Depths:3 Depths:4 Depths:5
Abyss: Depths:2 Depths:3 Depths:4 Depths:5
Pandemonium: Depths:3

Annotations:
D:4 EazyBreezy's ghost, amateur DsWz
Tomb:3 jjjjhere's ghost, legendary MiMo


Innate Abilities, Weirdness & Mutations

You reflexively headbutt those who attack you in melee.
You have a pair of horns on your head.
You have very sharp teeth.
You are resistant to hostile enchantments. (MR+)
You expend magic power (3 MP) to strengthen your wands.
Your movements are slightly less encumbered by armour. (ER -2)
[You have an uncontrollable temper.]
[Scrolls take you much longer to read.]
[You are very clumsy. (Dex -4)]
[Your body often deteriorates upon taking damage.]
[You are very dopey. (Int -4)]
[You are extremely frail. (-30% HP)]
[Your magical capacity is very low. (-20% MP)]
[You frequently scream uncontrollably at your foes.]
[You do not regenerate when monsters are visible.]
[You are often teleported next to monsters.]
[You are very weak. (Str -4)]
[Your spells are much easier to cast, but much less powerful.]


Message History

The ancient zyme hits you.
* * * LOW HITPOINT WARNING * * *
The ancient zyme hits you but does no damage.
The raiju bites you.
* * * LOW HITPOINT WARNING * * *
The raiju shocks you. You resist.
* * * LOW HITPOINT WARNING * * *
The torturous corrupter hits you but does no damage.
A cacophony of accursed wailing tears at your sanity!
* * * LOW HITPOINT WARNING * * *
The eidolon barely misses you.
The eidolon hits you but does no damage.
The golden eye blinks at you. You resist with almost no effort.
Your daeva completely misses the apocalypse crab.
Your daeva hits the apocalypse crab with an eudemon blade of holy wrath!
The apocalypse crab convulses!
The golden eye blinks!
The starcursed mass closely misses your daeva.
The large abomination hits you.
You die... ▓▓.....≈... ▓▓....≈≈≈≈≈X ▓▓.....3m≈X.. ▓▓....XXXXJVX. ▓▓....XXXZX*X6§ ▓▓....XXXXAtXJ2

▓▓.....XxWXZ#≈#
▓.∩....XW@6G3#
▓▓.....hhGxG#3#
▓▓.....36hGXXX.
▓▓.....e§*XXXLX
▓▓.....XXXXXG.
▓▓.......55..
▓▓..........
▓▓......G..


You could see 28 starcursed masses, 2 azure jellies, a lich, an eidolon, 2
wretched stars, 3 demonspawn, a great orb of eyes, a glowing orange brain, a
vampire mage (invisible), 2 ancient zymes, an apocalypse crab, a deep elf high
priest, a thrashing horror, 3 large abominations, a phantasmal warrior, a water
nymph, 3 smoke demons, 3 raiju, a neqoxec, an iron imp, 4 golden eyes, a shadow
imp, a deep elf high priest zombie, a juggernaut zombie and a friendly daeva.

Vanquished Creatures
  the Royal Jelly (Slime:5)
  8 orbs of fire
  12 ancient liches
  Mennas (Crypt:2)
  The ghost of Zdeegee the Minotaur Barricade, a legendary MiFi of Okawaru (Tomb:3)
  2 juggernauts
  Mara (Snake:4)
  9 pandemonium lords
  22 greater mummies
  Boris (Crypt:3)
  the Lernaean hydra (Swamp:4)
  Frederick (Vaults:3)
  Margery (Crypt:3)
  Sojobo (Crypt:2)
  Vashnia (Snake:4)
  3 Killer Klowns
  3 curse toes
  Geryon (Hell)
  Nikola (Swamp:1)
  10 caustic shrikes
  11 golden dragons
  2 bone dragons (Depths:5)
  4 electric golems
  2 Brimstone Fiends (Zig:18)
  2 iron giants
  4 Tzitzimimeh
  10 liches
  3 Ice Fiends
  21 tentacled monstrosities
  A deep elf blademaster (Elf:3)
  6 Hell Sentinels
  20 Orb Guardians (Zot:5)
  9 titans
  5 quicksilver dragons
  2 deep elf master archers (Elf:3)
  2 quicksilver dragons (shapeshifter) (Zig:16)
  An Executioner (Zig:18)
  27 acid blobs
  8 ancient champions
  Frances (Swamp:1)
  18 sphinxes
  20 shadow dragons
  8 death cobs
  14 tengu reavers
  Kirke (D:15)
  3 large abominations
  4 thorn hunters
  Agnes (D:15)
  5 draconian monks
  6 revenants
  19 azure jellies
  15 storm dragons
  14 nagarajas
  6 deep elf sorcerers
  5 fire giants
  Donald (Elf:1)
  22 vault wardens
  10 draconian knights
  16 frost giants
  2 ghost moths
  5 balrugs
  5 iron dragons
  4 orc warlords
  8 draconian scorchers
  Aizul (Swamp:1)
  5 draconian shifters
  3 deep elf elementalists
  7 ghouls
  3 curse skulls
  A warmonger (Zig:12)
  3 cacodemons
  13 ironheart preservers
  2 caustic shrike zombies
  8 reapers
  4 draconian stormcallers
  2 corrupters (Zig:18)
  8 spriggan defenders
  21 stone giants
  6 draconian annihilators
  12 war gargoyles
  22 very ugly things
  3 entropy weavers
  An entropy weaver (shapeshifter) (Vaults:5)
  A blood saint (Zig:12)
  16 green draconians
  9 bennus
  10 deep elf demonologists
  A lorocyproca (Zig:12)
  2 black suns
  13 vampire knights
  7 deep elf annihilators
  A dire elephant (Lair:6)
  14 black draconians
  12 white draconians
  14 yellow draconians
  10 red draconians
  4 spark wasps (Depths:3)
  A spark wasp (shapeshifter) (Vaults:2)
  18 purple draconians
  5 deep elf death magi
  16 mummy priests
  8 green deaths
  A crystal guardian (Zig:11)
  6 eidola
  An ettin (shapeshifter) (Vaults:2)
  Josephine (Lair:4)
  2 blizzard demons
  13 jiangshi
  7 death oozes
  A kraken zombie (Hell)
  19 ettins
  21 yaktaur captains
  14 great orbs of eyes
  16 fire dragons
  11 rakshasas
  5 deep elf high priests
  32 vault guards
  27 hydras
  A quicksilver dragon skeleton (Zig:13)
  5 spriggan air magi
  Erolcha (D:12)
  A hydra (shapeshifter) (Depths:3)
  17 ice dragons
  A catoblepas (D:15)
  3 ghost crabs
  A monstrous demonspawn (Zig:12)
  3 hell beasts
  The ghost of Zdeegee the Tainter, a journeyman DsVM of Sif Muna (D:11)
  18 naga warriors
  22 anacondas
  A two-headed ogre (shapeshifter) (Zig:17)
  5 death knights
  13 ogre magi
  48 two-headed ogres
  10 deep troll shamans
  12 death scarabs
  11 centaur warriors
  9 vampire magi
  13 alligators
  8 deep troll earth magi
  21 naga sharpshooters
  29 dancing weapons
  6 shock serpents
  3 tengu warriors
  2 iron golems
  3 storm dragon zombies
  9 spriggan berserkers
  7 orc high priests
  Urug (D:10)
  15 hell hogs
  27 deep elf knights
  Sonja (Lair:2)
  3 salamander mystics
  5 sun demons
  A wretched star (Zig:19)
  33 hell knights
  2 iron trolls (shapeshifter) (Zig:16)
  13 spriggans
  8 soul eaters
  3 sixfirhies
  6 shadow wraiths
  An unseen horror (shapeshifter) (D:13)
  5 iron trolls
  A spark wasp zombie (Zig:13)
  The ghost of fiver49 the Carver, a novice BaFi of Nemelex Xobeh (D:7)
  11 flayed ghosts
  A ghost moth zombie (Hell)
  39 skeletal warriors
  A quicksilver dragon simulacrum (Hell)
  4 shadow demons
  A death drake (shapeshifter) (Depths:3)
  11 wizards
  2 glowing orange brains (shapeshifter)
  7 unseen horrors
  17 swamp dragons
  4 glowing orange brains
  2 golden dragon zombies
  A spriggan druid (Swamp:4)
  2 shambling mangroves
  25 deep trolls
  21 deep elf archers
  An orange crystal statue (Zig:16)
  A sphinx zombie (Depths:2)
  A shadow dragon zombie (Zig:13)
  A golden dragon skeleton (Crypt:3)
  12 ironbrand convokers
  A lindwurm (Zot:1)
  15 naga ritualists
  20 phantasmal warriors
  23 orc knights
  A lindwurm (shapeshifter) (Zig:17)
  5 wolf spiders
  Pikel (D:5)
  67 deep elf magi
  8 harpies
  2 orb spiders (Zig:7)
  12 necromancers
  A shadow dragon skeleton (Crypt:3)
  A stone giant zombie (Depths:1)
  9 mana vipers
  34 ugly things
  A wolf spider zombie (D:15)
  9 orc sorcerers
  A frost giant zombie (Zig:13)
  5 cyclopes
  An iron dragon zombie (Zig:13)
  11 shining eyes
  2 fire giant zombies
  12 salamanders
  6 oklob plants
  A shining eye (shapeshifter) (Vaults:4)
  3 elf zombies
  4 apocalypse crabs (Zig:16)
  A fire giant skeleton (Zig:10)
  2 frost giant skeletons
  Maurice (D:12)
  21 moths of wrath
  A shock serpent zombie (Crypt:2)
  18 vault sentinels
  14 guardian serpents
  20 naga magi
  43 black mambas
  6 rust devils
  5 torpor snails
  11 smoke demons
  5 ice statues
  Joseph (D:7)
  A centaur skeleton (D:14)
  2 spiny frogs (shapeshifter)
  3 eyes of devastation
  6 gargoyles
  21 spiny frogs
  5 rime drakes
  10 komodo dragons
  6 orange demons
  5 hellions
  5 kobold demonologists
  2 tormentors
  An efreet (D:12)
  18 freezing wraiths
  38 yaktaurs
  A komodo dragon (shapeshifter) (Vaults:2)
  33 guardian mummies
  2 hellwings
  A black draconian skeleton (Crypt:1)
  10 red devils
  17 ice devils
  A green draconian skeleton (Crypt:2)
  2 tengu conjurers
  4 hydra zombies (Hell)
  A queen ant zombie (Crypt:2)
  17 trolls
  A merfolk (shapeshifter) (Vaults:5)
  A merfolk (D:11)
  2 polar bears
  A meliai (shapeshifter) (Depths:5)
  4 tyrant leeches
  22 hornets
  A hydra skeleton (Hell)
  A troll (shapeshifter) (D:14)
  Grinder (D:5)
  A jumping spider (Zig:7)
  170 slime creatures
  20 blink frogs
  A minotaur skeleton (Crypt:1)
  A wind drake (Lair:2)
  22 bog bodies
  14 hippogriffs
  A stone giant simulacrum (Depths:1)
  3 dream sheep (Lair:6)
  A meliai zombie (D:13)
  A human simulacrum (Vaults:1)
  An alligator zombie (Hell)
  A raiju (Zig:19)
  7 air elementals
  Sigmund (D:5)
  An ettin skeleton (Tomb:1)
  A fire dragon skeleton (Hell)
  A tarantella (Zig:7)
  2 redbacks
  A spriggan (shapeshifter) (Zig:17)
  A wyvern (D:12)
  9 flying skulls
  11 shadows
  2 tarantellas (shapeshifter)
  An orc simulacrum (Vaults:1)
  A black mamba zombie (Tomb:2)
  2 dire elephant simulacra (IceCv)
  8 ushabtiu
  9 water elementals
  A ynoxinul (Zig:19)
  54 yaks
  6 basilisks
  9 fire elementals
  A hog (shapeshifter) (D:14)
  23 wraiths
  5 hogs (D:15)
  Grum (D:10)
  2 humans (D:12)
  A neqoxec (Depths:3)
  An elf skeleton (Zig:10)
  5 hungry ghosts
  15 golden eyes
  5 chaos spawn
  18 vampire mosquitoes
  A white draconian simulacrum (Hell)
  3 harpy simulacra (IceCv)
  An infernal demonspawn zombie (Crypt:2)
  Menkaure (D:7)
  An iron troll simulacrum (IceCv)
  A yaktaur simulacrum (Vaults:1)
  13 insubstantial wisps
  A steam dragon (shapeshifter) (Vaults:4)
  54 nagas
  8 wargs
  14 swamp worms
  6 acid dragons
  2 spiny frog zombies (Hell)
  9 hell hounds
  4 soldier ants (shapeshifter)
  2 hydra simulacra (IceCv)
  13 water moccasins
  A soldier ant (D:9)
  Duvessa (D:7)
  A slave (D:5)
  8 porcupines
  13 swamp drakes
  A floating eye (Depths:3)
  5 ice beasts
  An alligator simulacrum (Hell)
  71 orc warriors
  4 phantoms
  6 necrophages
  6 sky beasts
  3 ettin simulacra
  An eye of draining (shapeshifter) (Vaults:4)
  40 ogres
  A starcursed mass (Zig:19)
  14 centaurs
  13 black bears (D:11)
  25 boggarts
  11 eyes of draining
  17 wolves
  A swamp dragon skeleton (Tomb:1)
  15 crocodiles
  A crocodile (shapeshifter) (Vaults:3)
  A rime drake zombie (Crypt:1)
  4 earth elementals
  A yaktaur zombie (Crypt:1)
  7 big kobolds
  3 gnoll sergeants (D:11)
  22 bullfrogs
  3 scorpions
  Dowan (D:7)
  A troll zombie (Crypt:1)
  8 wights
  5 howler monkeys
  10 electric eels
  2 crimson imps
  A quasit (D:7)
  4 centaur zombies
  10 hounds
  3 jellies
  44 orc priests
  3 bullfrog skeletons
  A gnoll shaman (D:11)
  5 iron imps
  A human skeleton (Crypt:3)
  Jessica (D:3)
  A lightning spire (Zig:6)
  3 iguanas
  26 orc wizards
  14 worker ants
  6 hell rats (Hell)
  5 small abominations
  An ogre zombie (Crypt:1)
  A naga zombie (Crypt:1)
  2 tengu skeletons
  2 hound skeletons
  44 mummies
  A worker ant zombie (D:10)
  A howler monkey zombie (D:6)
  7 gnolls
  10 adders
  6 shadow imps
  2 white imps
  An ooze (D:1)
  An adder zombie (D:5)
  4 worms
  A barachi zombie (Crypt:2)
  2 dart slugs
  4 leopard geckos
  160 orcs
  5 bats
  2 giant cockroaches (D:3)
  14 goblins
  20 hobgoblins
  14 jackals
  7 quokkas
  3 ball pythons
  2 ball python skeletons
  8 frilled lizards
  46 kobolds
  A kobold skeleton (Crypt:2)
  A leopard gecko zombie (D:5)
  An orc zombie (Crypt:2)
  2 quokka zombies (D:9)
  6 rats
  20 briar patches
  7 crawling corpses
  4 fungi
  10 plants
  3 tentacles (Hell)
3582 creatures vanquished.

Vanquished Creatures (collateral kills)
  A pandemonium lord (Zig:18)
  2 ancient liches
  6 greater mummies
  Saint Roka (Vaults:2)
  A golden dragon (Zig:14)
  A Tzitzimitl (Zig:18)
  A tentacled monstrosity (Zig:15)
  The ghost of Tonberto the Earth Mage, an adept DgEE (Snake:4)
  A lich (Tomb:3)
  5 Orb Guardians (Zot:5)
  2 acid blobs (Slime:5)
  A deep elf blademaster (Elf:3)
  A sphinx (Zig:17)
  A tentacled starspawn (Zig:19)
  4 thorn hunters
  An ancient champion (Tomb:2)
  An azure jelly (Slime:5)
  A revenant (Crypt:1)
  A blood saint (Zig:12)
  3 vault wardens
  2 warmongers (Zig:18)
  A deep elf sorcerer (Elf:3)
  A balrug (Zig:12)
  An ironheart preserver (Vaults:2)
  A ghoul (Crypt:2)
  A deep elf elementalist (Elf:3)
  A deep elf demonologist (Elf:3)
  An entropy weaver (Zig:7)
  A vampire knight (Depths:2)
  A deep elf annihilator (Elf:3)
  A quicksilver dragon zombie (Crypt:1)
  3 deep elf death magi (Elf:3)
  A death ooze (Slime:5)
  3 ettins
  3 mummy priests
  3 yaktaur captains
  A deep elf high priest (Elf:3)
  A fire dragon (Depths:3)
  A great orb of eyes (Vaults:2)
  An ice dragon (Depths:2)
  A jiangshi (Crypt:3)
  A spriggan air mage (Depths:4)
  A hydra (Zig:14)
  A two-headed ogre (Vaults:4)
  2 ogre magi
  5 death scarabs
  A deep troll shaman (Depths:3)
  A hell hog (Zig:19)
  6 dancing weapons
  5 hell knights (Crypt:3)
  3 deep elf knights
  A soul eater (Zig:18)
  6 skeletal warriors
  A death drake (Zig:14)
  A shadow wraith (Vaults:2)
  A sixfirhy (Zig:18)
  4 deep trolls
  A spark wasp zombie (Zig:13)
  A deep elf archer (Elf:2)
  An ironbrand convoker (Vaults:3)
  2 orb spiders (Zig:7)
  5 deep elf magi
  A necromancer (Crypt:3)
  A wolf spider (Vaults:3)
  An iron dragon zombie (Zig:13)
  An eye of devastation (shapeshifter) (Vaults:2)
  2 vault sentinels
  A guardian serpent (Snake:4)
  A hellion (Zig:13)
  4 yaktaurs
  A red devil (Crypt:3)
  5 guardian mummies (Tomb:3)
  A hornet (Zig:14)
  2 blink frogs
  A slime creature (Zig:14)
  3 flying skulls (Tomb:3)
  A shadow (Crypt:3)
  A human (shapeshifter) (Vaults:3)
  8 ushabtiu (Tomb:3)
  A vampire mosquito (Zig:14)
  A swamp drake (Zig:15)
  A boggart (Vaults:2)
  A big kobold (Depths:3)
  An orc wizard (Vaults:2)
  A killer bee zombie (Crypt:1)
  7 mummies
  2 briar patches
166 creatures vanquished.

Vanquished Creatures (others)
  A lich (Tomb:2)
  An ancient champion (Tomb:2)
  A bennu (Tomb:2)
  A green death (Zig:15)
  A centaur warrior (Vaults:3)
  A two-headed ogre (Depths:2)
  7 death scarabs
  A ghost moth zombie (Tomb:2)
  A deep elf archer (Elf:2)
  A shambling mangrove (Zig:15)
  An orc knight (Vaults:2)
  A wizard (D:15)
  An ugly thing (Depths:1)
  A moth of wrath (Zot:2)
  A rime drake (Zot:1)
  A water elemental (Elf:1)
  A naga (Snake:4)
  A swamp drake (Swamp:4)
  A boggart (Depths:2)
  A scorpion (D:5)
  5 mummies (Tomb:2)
  4 briar patches (Zig:14)
  A bush (Lair:4)
  18 fungi
  12 plants
  2 starspawn tentacles (Zig:19)
  4 tentacles (Hell)
  7 toadstools (Swamp:1)
  11 withered plants (Crypt:3)
90 creatures vanquished.

Grand Total: 3838 creatures vanquished

Notes
Turn   | Place    | Note
-------+----------+-------------------------------------------
     0 | D:1      | Glen the Minotaur Gladiator began the quest for the Orb.
     0 | D:1      | Reached XP level 1. HP: 18/18 MP: 0/0
    22 | D:1      | Reached XP level 2. HP: 16/25 MP: 1/1
   252 | D:1      | Reached XP level 3. HP: 28/30 MP: 2/2
   597 | D:2      | Reached skill level 1 in Armour
   690 | D:2      | Reached XP level 4. HP: 32/37 MP: 3/3
  1393 | D:3      | Found a glowing silver altar of Zin.
  1637 | D:3      | Reached skill level 5 in Axes
  1655 | D:3      | Noticed Jessica
  1795 | D:3      | Killed Jessica
  1795 | D:3      | Reached XP level 5. HP: 45/45 MP: 4/4
  1973 | D:4      | Found a glowing golden altar of the Shining One.
  1979 | D:4      | Became a worshipper of the Shining One
  2222 | D:4      | Reached XP level 6. HP: 11/52 MP: 5/5
  2725 | D:4      | Noticed EazyBreezy's ghost (amateur DsWz)
  3132 | D:5      | Entered Level 5 of the Dungeon
  3162 | D:5      | Noticed a slave
  3162 | D:5      | Noticed a slave
  3164 | D:5      | Noticed Pikel
  3187 | D:5      | Killed a slave
  3195 | D:5      | Killed Pikel
  3195 | D:5      | Reached skill level 5 in Fighting
  3195 | D:5      | Reached skill level 5 in Dodging
  3195 | D:5      | Reached skill level 1 in Invocations
  3195 | D:5      | Reached XP level 7. HP: 44/61 MP: 5/7
  3261 | D:5      | Found a shadowy altar of Dithmenos.
  3293 | D:5      | Reached XP level 8. HP: 51/69 MP: 8/8
  3314 | D:5      | Noticed Sigmund
  3324 | D:5      | Killed Sigmund
  3326 | D:5      | Reached skill level 5 in Armour
  3425 | D:5      | Reached * piety under the Shining One
  3425 | D:5      | Found a burning altar of Makhleb.
  3426 | D:5      | Noticed Grinder
  3452 | D:5      | Killed Grinder
  4001 | D:5      | Found a deep blue altar of Sif Muna.
  4115 | D:6      | Found Peppul's Antique Armour Boutique.
  4127 | D:6      | Bought a steaming ring mail for 225 gold pieces
  4137 | D:6      | Identified the cursed +0 ring mail of Ehou {+Blink Int+4 Stlth-} (You bought it in a shop on level 6 of the Dungeon)
  4148 | D:6      | Reached XP level 9. HP: 77/77 MP: 10/10
  4396 | D:6      | Found Bahouss's Armour Emporium.
  4524 | D:6      | Found Dumem's Weapon Boutique.
  4572 | D:6      | Found Riecuy's Weapon Shoppe.
  4702 | D:6      | Reached ** piety under the Shining One
  4851 | D:6      | Reached skill level 1 in Evocations
  4999 | D:7      | Found a staircase to the Ecumenical Temple.
  4999 | D:7      | Noticed fiver49's ghost (novice BaFi)
  5636 | D:7      | Killed fiver49's ghost
  5872 | Temple   | Entered the Ecumenical Temple
  6019 | D:7      | Noticed Menkaure
  6026 | D:7      | Killed Menkaure
  6052 | D:7      | Found a sparkling altar of Nemelex Xobeh.
  6109 | D:7      | Noticed Dowan
  6111 | D:7      | Noticed Duvessa
  6115 | D:7      | Killed Dowan
  6127 | D:7      | Killed Duvessa
  6471 | D:7      | Noticed Joseph
  6480 | D:7      | Killed Joseph
  6507 | D:7      | Reached XP level 10. HP: 35/87 MP: 12/12
  8178 | D:8      | Reached *** piety under the Shining One
  8215 | D:8      | Found a staircase to the Lair.
  8221 | Lair:1   | Entered Level 1 of the Lair of Beasts
  8264 | Lair:1   | Noticed Sonja
  8646 | Lair:1   | Reached skill level 10 in Axes
  8646 | Lair:1   | Reached skill level 5 in Invocations
  8794 | Lair:1   | Noticed an oklob plant
  8891 | Lair:1   | Noticed a spiny frog
  8901 | Lair:1   | Killed a spiny frog
  8997 | Lair:1   | Noticed a black mamba
  9005 | Lair:1   | Killed a black mamba
  9375 | Lair:2   | Noticed a spiny frog
  9382 | Lair:2   | Reached XP level 11. HP: 66/97 MP: 9/13
  9953 | Lair:2   | Cast into level 2 of the Abyss (Sonja)
  9998 | Abyss:2  | Noticed a tentacled starspawn
 10005 | Abyss:2  | Noticed a wretched star
 10015 | Abyss:2  | Noticed a reaper
 10058 | Abyss:2  | Noticed a starcursed mass
 10164 | Abyss:2  | Noticed a large abomination
 10376 | Abyss:2  | Gained mutation: [You are dopey. (Int -2)] [potion of mutation]
 10376 | Abyss:2  | Gained mutation: [You are very dopey. (Int -4)] [potion of mutation]
 10376 | Abyss:2  | Gained mutation: You are robust. (+10% HP) [potion of mutation]
 10376 | Abyss:2  | HP: 5/108 [ancient zyme (5)]
 10439 | Lair:2   | Escaped the Abyss
 10945 | Lair:2   | Reached skill level 10 in Fighting
 11086 | Lair:2   | Noticed a four-headed hydra
 11094 | Lair:2   | Killed a one-headed hydra
 11094 | Lair:2   | Reached skill level 10 in Armour
 11134 | Lair:2   | Lost mutation: [You are very dopey. (Int -4)] [potion of mutation]
 11134 | Lair:2   | Lost mutation: You are robust. (+10% HP) [potion of mutation]
 11134 | Lair:2   | Lost mutation: [You are dopey. (Int -2)] [potion of mutation]
 11134 | Lair:2   | Gained mutation: You have sharp toenails. [potion of mutation]
 11134 | Lair:2   | Gained mutation: You are somewhat resistant to further mutation. [potion of mutation]
 11138 | Lair:2   | Lost mutation: You are somewhat resistant to further mutation. [potion of mutation]
 11138 | Lair:2   | Lost mutation: You have sharp toenails. [potion of mutation]
 11138 | Lair:2   | Gained mutation: You passively map a small area around you. [potion of mutation]
 11138 | Lair:2   | Gained mutation: Your natural rate of healing is unusually fast. [potion of mutation]
 11138 | Lair:2   | Gained mutation: You are agile. (Dex +2) [potion of mutation]
 11435 | Lair:2   | Killed Sonja
 11442 | Lair:2   | Reached skill level 10 in Dodging
 12014 | Lair:1   | Noticed an oklob plant
 12250 | Lair:3   | Found a staircase to the Swamp.
 12251 | Lair:3   | Found a staircase to the Snake Pit.
 12516 | Lair:3   | Reached XP level 12. HP: 107/107 MP: 15/15
 12963 | D:9      | Noticed a two-headed ogre
 12970 | D:9      | Killed a two-headed ogre
 13222 | D:9      | Reached **** piety under the Shining One
 13364 | D:9      | Found a staircase to the Orcish Mines.
 13561 | D:9      | Found a shattered altar of Ashenzari.
 13651 | D:9      | Paralysed by a hornet for 2 turns
 13856 | Orc:1    | Entered Level 1 of the Orcish Mines
 14110 | Orc:2    | Entered Level 2 of the Orcish Mines
 14182 | Orc:2    | Noticed a two-headed ogre
 14191 | Orc:2    | Killed a two-headed ogre
 14244 | Orc:2    | Noticed a two-headed ogre
 14262 | Orc:2    | Killed a two-headed ogre
 14567 | Orc:2    | Noticed an orc high priest
 14585 | Orc:2    | Killed an orc high priest
 14654 | Orc:2    | Found Efaa's Jewellery Emporium.
 14665 | Orc:2    | Found Fytex's Magic Scroll Shoppe.
 14818 | Orc:2    | Noticed an orc warlord
 14818 | Orc:2    | Paralysed by an orc sorcerer for 5 turns
 14883 | Orc:1    | Killed an orc warlord
 15231 | Orc:2    | Found a roughly hewn altar of Beogh.
 15240 | Orc:2    | Reached XP level 13. HP: 112/117 MP: 17/17
 15263 | Orc:2    | Identified a scroll of acquirement
 15264 | Orc:2    | Got a shimmering ivory amulet
 15266 | Orc:2    | Identified the amulet "Eman" {Harm *Drain Str+4} (You acquired it on level 2 of the Orcish Mines)
 15437 | Orc:2    | Noticed an orc warlord
 15462 | Orc:2    | Killed an orc warlord
 15628 | Orc:2    | Noticed an orc warlord
 15647 | Orc:2    | Killed an orc warlord
 15723 | Orc:2    | Found a staircase to the Elven Halls.
 16064 | Orc:2    | Noticed an orc warlord
 16129 | Orc:2    | Killed an orc warlord
 16192 | Orc:2    | Found a roughly hewn altar of Beogh.
 16472 | Orc:2    | Found Sowuocs's Magic Scroll Emporium.
 16508 | Orc:2    | Found Xugem's Jewellery Shoppe.
 16789 | Orc:2    | Noticed an ettin
 16796 | Orc:2    | Killed an ettin
 17636 | Lair:4   | Reached skill level 1 in Shields
 17696 | Lair:4   | Noticed Josephine
 17697 | Lair:4   | Reached ***** piety under the Shining One
 17704 | Lair:4   | Killed Josephine
 18343 | Lair:5   | Reached XP level 14. HP: 129/129 MP: 19/19
 18401 | Lair:5   | Found a staircase to the Slime Pits.
 18763 | Lair:5   | Reached skill level 5 in Shields
 19227 | Lair:6   | Entered Level 6 of the Lair of Beasts
 20254 | Lair:6   | Reached skill level 5 in Throwing
 20265 | Lair:6   | Found a burning altar of Makhleb.
 20340 | Lair:6   | Found a gateway to Hell.
 20720 | D:10     | Entered Level 10 of the Dungeon
 20722 | D:10     | Noticed Grum
 20734 | D:10     | Killed Grum
 20779 | D:10     | Noticed Urug
 20799 | D:10     | Killed Urug
 20926 | D:10     | Found a portal to a secret trove of treasure.
 21449 | D:10     | Reached ****** piety under the Shining One
 22052 | D:11     | Noticed Zdeegee's ghost (journeyman DsVM)
 22976 | D:11     | Killed Zdeegee's ghost
 22979 | D:11     | Reached skill level 10 in Shields
 23181 | D:11     | Reached XP level 15. HP: 138/138 MP: 21/21
 23265 | D:11     | Found a stormy altar of Qazlal.
 24158 | Elf:1    | Entered Level 1 of the Elven Halls
 24976 | Elf:1    | Reached skill level 10 in Invocations
 25057 | Elf:1    | Noticed Donald
 25093 | Elf:1    | Killed Donald
 25532 | Elf:1    | Found a radiant altar of Vehumet.
 25972 | Elf:1    | Reached skill level 5 in Evocations
 26158 | Elf:1    | Reached skill level 15 in Armour
 26687 | D:6      | Bought the +2 shield of Resistance {rF+ rC+ MR+} for 1027 gold pieces
 26687 | D:6      | Bought a pair of glowing gloves for 187 gold pieces
 26945 | Orc:2    | Bought an uncursed ring of poison resistance for 240 gold pieces
 27056 | Elf:2    | Found Cioruyqa's Gadget Shoppe.
 27098 | Elf:2    | Got a twisted leather armour
 27109 | Elf:2    | Identified the +1 leather armour of Fedhas's Regard {rElec rF+ Dex+6} (You found it on level 2 of the Elven Halls)
 27265 | Elf:2    | Found a huge runed gate.
 27265 | Elf:2    | Found a huge runed gate.
 27265 | Elf:2    | Found a huge runed gate.
 27319 | Elf:2    | Found Nyjaff's Gadget Shoppe.
 27319 | Elf:2    | Found Ziff's Jewellery Shop.
 27335 | Elf:2    | Found Ucesat's Jewellery Shop.
 27464 | Elf:2    | Reached XP level 16. HP: 74/147 MP: 22/22
 28356 | Elf:2    | Reached skill level 15 in Fighting
 28811 | Snake:1  | Entered Level 1 of the Snake Pit
 28949 | Snake:1  | Reached skill level 15 in Axes
 29674 | Snake:2  | Found a shadowy altar of Dithmenos.
 30163 | Snake:3  | Found a frozen archway.
 30203 | IceCv    | Entered an ice cave
 30240 | IceCv    | Reached XP level 17. HP: 130/158 MP: 23/23
 30499 | IceCv    | Noticed an Ice Fiend
 30505 | IceCv    | Killed an Ice Fiend
 30520 | IceCv    | Got a crude short sword
 30527 | IceCv    | Got a jewelled dagger
 31282 | Snake:4  | Entered Level 4 of the Snake Pit
 31736 | Snake:4  | Reached skill level 15 in Shields
 32009 | Snake:4  | Noticed Mara
 32024 | Snake:4  | Noticed Glen's illusion
 32114 | Snake:4  | Noticed Glen's illusion
 32121 | Snake:4  | Killed Mara
 32236 | Snake:4  | Noticed Tonberto's ghost (adept DgEE)
 32248 | Snake:4  | Noticed Vashnia
 32263 | Snake:4  | Killed Tonberto's ghost
 32700 | Snake:4  | Killed Vashnia
 32700 | Snake:4  | Reached XP level 18. HP: 170/170 MP: 25/25
 32742 | Snake:4  | Got a heavily runed scale mail
 32753 | Snake:4  | Identified the +3 scale mail of Repulsion {rF+ rN+} (You found it on level 4 of the Snake Pit)
 33376 | Snake:4  | Got a serpentine rune of Zot
 34306 | Elf:3    | Entered Level 3 of the Elven Halls
 34413 | Elf:3    | Noticed an Ice Fiend
 34415 | Elf:3    | Noticed an Ice Fiend
 34416 | Elf:3    | Noticed a Tzitzimitl
 34735 | Elf:3    | Noticed a Brimstone Fiend
 34792 | Elf:3    | Got a crude broad axe {flame}
 34793 | Elf:3    | Identified the +8 broad axe of Starshine {flame, +Blink rElec} (You took it off a deep elf annihilator on level 3 of the Elven Halls)
 34950 | Elf:3    | Got a pair of fine gloves
 34952 | Elf:3    | Got a fine lead ring
 34956 | Elf:3    | Got a brightly glowing war axe
 34964 | Elf:3    | Got a twisted war axe
 34973 | Elf:3    | Got a bound granite ring
 34992 | Elf:3    | Identified the +2 pair of gloves "Nuleoh" {rPois Str+4} (You found it on level 3 of the Elven Halls)
 34993 | Elf:3    | Identified the ring of Rerchiklu {Fire Dex+6} (You found it on level 3 of the Elven Halls)
 34995 | Elf:3    | Identified the ring "Faigg" {*Tele Dex+4} (You found it on level 3 of the Elven Halls)
 35020 | Elf:3    | Identified the +1 war axe "Pukahe" {holy, rC+ MR+ MP+9} (You found it on level 3 of the Elven Halls)
 35021 | Elf:3    | Identified the +7 war axe of Eruam {chop, *Slow rElec rC+} (You found it on level 3 of the Elven Halls)
 35246 | Elf:3    | Got a sparkling pewter ring
 35671 | Elf:3    | Identified the ring "Qiji" {rPois MR+ Dex+5} (You took it off a deep elf elementalist on level 3 of the Elven Halls)
 35956 | Swamp:1  | Entered Level 1 of the Swamp
 35956 | Swamp:1  | Noticed Frances
 35972 | Swamp:1  | Killed Frances
 35973 | Swamp:1  | Noticed Nikola
 36015 | Swamp:1  | Noticed Aizul
 36024 | Swamp:1  | Killed Aizul
 36024 | Swamp:1  | Reached XP level 19. HP: 168/180 MP: 24/27
 36299 | Swamp:1  | Got an ancient ring mail
 36324 | Swamp:1  | Identified the cursed +1 ring mail of Egalitarianism {MP-9 Int+8 SInv Stlth-} (You found it on level 1 of the Swamp)
 36383 | Swamp:1  | Killed Nikola
 36753 | Swamp:2  | Found a sparkling altar of Nemelex Xobeh.
 38065 | Swamp:4  | Entered Level 4 of the Swamp
 38264 | Swamp:4  | Noticed the 27-headed Lernaean hydra
 38273 | Swamp:4  | Killed the 23-headed Lernaean hydra
 38478 | Swamp:4  | Got a decaying rune of Zot
 39290 | D:10     | You paid a toll of a +8 demon trident to enter a treasure trove
 39291 | Trove    | Entered a treasure trove
 39323 | Trove    | Got a slimy longbow
 39685 | Orc:2    | Bought an uncursed ring of resist corrosion for 240 gold pieces
 39920 | Slime:1  | Entered Level 1 of the Pits of Slime
 39931 | Slime:1  | Gained mutation: [Scrolls take you a little longer to read.] [a shining eye]
 39935 | Slime:1  | Gained mutation: [You are occasionally teleported next to monsters.] [a shining eye]
 41162 | Slime:2  | Gained mutation: [Scrolls take you longer to read.] [a shining eye]
 41169 | Slime:2  | Gained mutation: Your mind is acute. (Int +2) [a shining eye]
 41173 | Slime:2  | Gained mutation: [You are weak. (Str -2)] [a shining eye]
 41451 | Slime:3  | Reached XP level 20. HP: 193/193 MP: 28/28
 41457 | Slime:3  | Lost mutation: You are agile. (Dex +2) [a shining eye]
 41720 | Slime:4  | Gained mutation: Armour fits poorly on your strangely shaped body. [a shining eye]
 41726 | Slime:4  | Lost mutation: Your mind is acute. (Int +2) [a shining eye]
 42086 | Slime:5  | Entered Level 5 of the Pits of Slime
 42308 | Slime:5  | Noticed the Royal Jelly
 42555 | Slime:5  | Killed the Royal Jelly
 42885 | Slime:4  | Gained mutation: [You are frail. (-10% HP)] [a shining eye]
 42887 | Slime:4  | Gained mutation: [You are very weak. (Str -4)] [a shining eye]
 42888 | Slime:4  | Gained mutation: [You are dopey. (Int -2)] [a shining eye]
 43032 | Slime:5  | Got a translucent diamond amulet
 43132 | Slime:5  | Got a warped great sword
 43180 | Slime:5  | Got a slimy rune of Zot
 43574 | Slime:5  | Identified a +1 pair of boots of running (You found it on level 5 of the Pits of Slime)
 43875 | Slime:1  | Gained mutation: [You are clumsy. (Dex -2)] [a shining eye]
 43877 | Slime:1  | Gained mutation: [Scrolls take you much longer to read.] [a shining eye]
 43879 | Slime:1  | Gained mutation: You expend magic power (3 MP) to strengthen your wands. [a shining eye]
 43879 | Slime:1  | Gained mutation: [Your magical capacity is low. (-10% MP)] [a shining eye]
 43881 | Slime:1  | Lost mutation: Your natural rate of healing is unusually fast. [a shining eye]
 43883 | Slime:1  | Gained mutation: [You are very frail. (-20% HP)] [a shining eye]
 44758 | Slime:1  | Reached XP level 21. HP: 92/162 MP: 26/26
 45666 | Lair:2   | Identified the amulet "Unnudd" {Faith Dex+4} (You found it on level 5 of the Pits of Slime)
 45674 | Lair:2   | Lost mutation: [You are very weak. (Str -4)] [potion of mutation]
 45674 | Lair:2   | Lost mutation: [You are weak. (Str -2)] [potion of mutation]
 45674 | Lair:2   | Lost mutation: [You are dopey. (Int -2)] [potion of mutation]
 45674 | Lair:2   | Lost mutation: [You are clumsy. (Dex -2)] [potion of mutation]
 45674 | Lair:2   | Lost mutation: [Scrolls take you much longer to read.] [potion of mutation]
 45674 | Lair:2   | Gained mutation: [Scrolls take you much longer to read.] [potion of mutation]
 45674 | Lair:2   | Gained mutation: Your flesh is cold resistant. (rC+) [potion of mutation]
 45675 | Lair:2   | Lost mutation: [You are very frail. (-20% HP)] [potion of mutation]
 45675 | Lair:2   | Lost mutation: [You are frail. (-10% HP)] [potion of mutation]
 45675 | Lair:2   | Lost mutation: Your flesh is cold resistant. (rC+) [potion of mutation]
 45675 | Lair:2   | Gained mutation: [Your magical capacity is very low. (-20% MP)] [potion of mutation]
 45675 | Lair:2   | Gained mutation: You possess an exceptional clarity of mind. [potion of mutation]
 45722 | Snake:1  | Lost mutation: [Scrolls take you much longer to read.] [potion of mutation]
 45722 | Snake:1  | Lost mutation: You possess an exceptional clarity of mind. [potion of mutation]
 45722 | Snake:1  | Lost mutation: [You are occasionally teleported next to monsters.] [potion of mutation]
 45722 | Snake:1  | Lost mutation: You expend magic power (3 MP) to strengthen your wands. [potion of mutation]
 45722 | Snake:1  | Gained mutation: You have a pair of large horns on your head. [potion of mutation]
 45722 | Snake:1  | Lost mutation: [Your magical capacity is very low. (-20% MP)] [potion of mutation]
 45722 | Snake:1  | Gained mutation: Your natural rate of healing is unusually fast. [potion of mutation]
 45807 | Snake:3  | Lost mutation: Armour fits poorly on your strangely shaped body. [potion of mutation]
 45807 | Snake:3  | Lost mutation: You have a pair of large horns on your head. [potion of mutation]
 45807 | Snake:3  | Gained mutation: [You are frail. (-10% HP)] [potion of mutation]
 45807 | Snake:3  | Gained mutation: Your flesh is heat resistant. (rF+) [potion of mutation]
 45807 | Snake:3  | Gained mutation: You are partially covered in molten scales. (AC +2) [potion of mutation]
 45807 | Snake:3  | Gained mutation: You have very sharp teeth. [potion of mutation]
 46015 | Hell     | Entered the Vestibule of Hell
 46015 | Hell     | Noticed Geryon
 46485 | Hell     | Killed Geryon
 46529 | Hell     | Found a gateway to the Iron City of Dis.
 46832 | Lair:2   | Identified a +9 broad axe of holy wrath (a +7 broad axe blessed by the Shining One)
 46832 | Lair:2   | Received a gift from the Shining One
 47084 | Hell     | Found a gateway to the ashen valley of Gehenna.
 47230 | Hell     | Reached skill level 15 in Dodging
 47249 | Hell     | Found a gateway to the decaying netherworld of Tartarus.
 47379 | Hell     | Found a gateway to the freezing wastes of Cocytus.
 47850 | D:12     | Found a flickering gateway to a bazaar.
 47857 | Bazaar   | Entered a bazaar
 47861 | Bazaar   | Found Zerchi's Assorted Antiques.
 47869 | Bazaar   | Found Doptyh's Antique Weapon Shoppe.
 47887 | Bazaar   | Found Syfrae's Gadget Boutique.
 47888 | Bazaar   | Found Heyziuts's Antique Weapon Boutique.
 47893 | Bazaar   | Found Dutay's Jewellery Boutique.
 47964 | D:12     | Noticed Maurice
 47974 | D:12     | Killed Maurice
 48085 | D:12     | Found a runed door.
 48352 | D:12     | Noticed Erolcha
 48362 | D:12     | Killed Erolcha
 48947 | D:13     | Found a gate to the Vaults.
 49366 | D:14     | Found a white marble altar of Elyvilon.
 49396 | D:14     | Got a shimmering hand axe
 49421 | D:14     | Identified the +9 hand axe "Beastbane" {antimagic, +Rage Int+6 Dex-5 Stlth+} (You found it on level 14 of the Dungeon)
 49797 | D:15     | Entered Level 15 of the Dungeon
 49865 | D:15     | Found a bloodstained altar of Trog.
 50024 | D:15     | Noticed Kirke
 50034 | D:15     | Killed Kirke
 50346 | D:15     | Found a staircase to the Depths.
 50533 | D:15     | Noticed Agnes
 50540 | D:15     | Killed Agnes
 50650 | Vaults:1 | Entered Level 1 of the Vaults
 50856 | Vaults:1 | Reached XP level 22. HP: 192/192 MP: 27/27
 50911 | Vaults:1 | Found a deep blue altar of Sif Muna.
 51886 | Vaults:1 | Found Guveerec's Jewellery Shop.
 52495 | Vaults:2 | Noticed Saint Roka
 52521 | Vaults:2 | Killed Saint Roka
 53385 | Vaults:3 | Found a snail-covered altar of Cheibriados.
 53387 | Vaults:3 | Found a flickering gateway to a bazaar.
 53396 | Bazaar   | Entered a bazaar
 53396 | Bazaar   | Found Qourph's General Store.
 53396 | Bazaar   | Found Laofra's Weapon Boutique.
 53396 | Bazaar   | Found Qubivy's Jewellery Shop.
 53406 | Bazaar   | Found Tishouron's Book Boutique.
 53441 | Bazaar   | Found Roaph's Gadget Shoppe.
 53465 | Bazaar   | Bought a scroll of enchant weapon for 60 gold pieces
 53674 | Vaults:3 | Reached XP level 23. HP: 200/204 MP: 28/28
 53836 | Vaults:3 | Found a staircase to the Crypt.
 54053 | Vaults:3 | Noticed Frederick
 54068 | Vaults:3 | Killed Frederick
 55004 | Vaults:4 | Found a radiant altar of Vehumet.
 55015 | Vaults:4 | Got a heavily runed hat
 55022 | Vaults:4 | Identified the cursed +0 hat of Plog {rElec rPois rF-} (You found it on level 4 of the Vaults)
 55027 | Vaults:4 | Got an ancient hat
 55030 | Vaults:4 | Identified the cursed +0 hat of Unreason {Int+4} (You found it on level 4 of the Vaults)
 55202 | Vaults:4 | Got a bound pewter ring
 55353 | Vaults:4 | Gained mutation: [You occasionally shout uncontrollably at your foes.] [a shining eye]
 55553 | Vaults:4 | Found a gateway to a bazaar.
 55561 | Bazaar   | Entered a bazaar
 55580 | Bazaar   | Found Bucuefopp's Book Shop.
 55585 | Bazaar   | Bought a manual of Shields for 883 gold pieces
 55592 | Bazaar   | Identified the ring of Fijahete {rF+ Int+5 Stlth+} (You found it on level 4 of the Vaults)
 55600 | Bazaar   | Found Jiudile's Weapon Boutique.
 55600 | Bazaar   | Found Xoucaugoha's Food Shop.
 55626 | Bazaar   | Found Aquitsom's Weapon Boutique.
 55997 | Vaults:5 | Entered Level 5 of the Vaults
 56095 | Vaults:4 | Reached XP level 24. HP: 193/215 MP: 29/29
 56374 | Vaults:5 | Noticed an ancient lich
 56418 | Vaults:4 | Killed an ancient lich
 57084 | Vaults:5 | Got a shimmering buckler
 57097 | Vaults:5 | Identified the +0 buckler "Hecziuwk" {+Inv rPois rC+++ Slay-4} (You found it on level 5 of the Vaults)
 57290 | Vaults:5 | Reached XP level 25. HP: 211/224 MP: 29/29
 57601 | Vaults:5 | Got a silver rune of Zot
 57774 | Vaults:5 | Got a flickering golden amulet
 57783 | Vaults:5 | Identified the amulet of Wocw {Reflect rF+ rC+ rN+ SH+4 Stlth+} (You found it on level 5 of the Vaults)
 58928 | Crypt:1  | Entered Level 1 of the Crypt
 59660 | Crypt:2  | Noticed Mennas
 59701 | Crypt:2  | Killed Mennas
 59993 | Crypt:2  | Noticed Sojobo
 60004 | Crypt:2  | Killed Sojobo
 60414 | Crypt:3  | Entered Level 3 of the Crypt
 60759 | Crypt:3  | Got a transparent lead amulet
 60759 | Crypt:3  | Got a scintillating bone ring
 60766 | Crypt:3  | Identified the amulet of the Locust {rC+ rN++ Regen+ Str+2 Int-3} (You found it on level 3 of the Crypt)
 60768 | Crypt:3  | Identified the ring "Tulyffu" {+Fly rPois rF+ rN+ Dex-5} (You found it on level 3 of the Crypt)
 60812 | Crypt:3  | Noticed Margery
 60823 | Crypt:3  | Killed Margery
 60979 | Crypt:3  | Noticed an ancient lich
 60985 | Crypt:3  | Killed an ancient lich
 60992 | Crypt:3  | Found a staircase to the Tomb.
 61009 | Crypt:3  | Identified the Guide on Captivating Displacement
 61261 | Crypt:3  | Reached XP level 26. HP: 232/232 MP: 29/29
 61402 | Crypt:3  | Noticed Boris
 61409 | Crypt:3  | Killed Boris
 61422 | Crypt:3  | Found an ancient bone altar of Kikubaaqudgha.
 61428 | Crypt:3  | Noticed an ancient lich
 61434 | Crypt:3  | Killed an ancient lich
 61465 | Crypt:3  | Noticed an ancient lich
 61470 | Crypt:3  | Killed an ancient lich
 61470 | Crypt:3  | Reached skill level 15 in Invocations
 61853 | Tomb:1   | Entered Level 1 of the Tomb of the Ancients
 62421 | Tomb:1   | Noticed a greater mummy
 62465 | Tomb:1   | Killed a greater mummy
 62854 | Tomb:2   | Noticed a greater mummy
 62854 | Tomb:2   | Noticed a greater mummy
 62856 | Tomb:2   | Noticed a greater mummy
 62857 | Tomb:2   | Noticed a greater mummy
 62858 | Tomb:2   | Noticed a greater mummy
 62868 | Tomb:2   | Killed a greater mummy
 62873 | Tomb:2   | Killed a greater mummy
 62874 | Tomb:2   | Killed a greater mummy
 62932 | Tomb:2   | Killed a greater mummy
 62941 | Tomb:2   | Killed a greater mummy
 63342 | Tomb:1   | Noticed a greater mummy
 63344 | Tomb:1   | Noticed a greater mummy
 63349 | Tomb:1   | Killed a greater mummy
 63351 | Tomb:1   | Noticed a greater mummy
 63353 | Tomb:1   | Killed a greater mummy
 63359 | Tomb:1   | Killed a greater mummy
 63372 | Tomb:1   | Noticed a greater mummy
 63385 | Tomb:1   | Noticed a greater mummy
 63386 | Tomb:1   | Killed a greater mummy
 63395 | Tomb:1   | Noticed a greater mummy
 63399 | Tomb:1   | Killed a greater mummy
 63402 | Tomb:1   | Killed a greater mummy
 63402 | Tomb:1   | Reached skill level 27 in Fighting
 63484 | Tomb:1   | Noticed a greater mummy
 63488 | Tomb:1   | Killed a greater mummy
 63543 | Tomb:1   | Noticed a greater mummy
 63549 | Tomb:1   | Killed a greater mummy
 63581 | Tomb:1   | Noticed a greater mummy
 63590 | Tomb:1   | Killed a greater mummy
 63590 | Tomb:1   | Reached skill level 27 in Axes
 63720 | Tomb:1   | Noticed a greater mummy
 63729 | Tomb:1   | Killed a greater mummy
 63790 | Tomb:1   | Noticed a greater mummy
 63804 | Tomb:1   | Killed a greater mummy
 63974 | Tomb:1   | Noticed a greater mummy
 63983 | Tomb:1   | Killed a greater mummy
 63983 | Tomb:1   | Reached XP level 27. HP: 235/235 MP: 29/29
 64017 | Tomb:1   | Noticed a greater mummy
 64017 | Tomb:1   | Noticed a greater mummy
 64022 | Tomb:1   | Noticed a greater mummy
 64024 | Tomb:1   | Killed a greater mummy
 64027 | Tomb:1   | Killed a greater mummy
 64028 | Tomb:1   | Noticed a greater mummy
 64064 | Tomb:1   | Killed a greater mummy
 64068 | Tomb:1   | Killed a greater mummy
 64266 | Tomb:1   | Noticed a greater mummy
 64271 | Tomb:1   | Killed a greater mummy
 64273 | Tomb:1   | Got a sparkling brass ring
 64282 | Tomb:1   | Noticed a greater mummy
 64288 | Tomb:1   | Killed a greater mummy
 64297 | Tomb:1   | Identified the cursed ring "Eprio" {rC+ Slay-2 SInv} (You took it off a greater mummy on level 1 of the Tomb of the Ancients)
 65577 | Depths:1 | Entered Level 1 of the Depths
 66992 | Depths:2 | Found a shadowy altar of Dithmenos.
 67000 | Depths:2 | Got smoking shadow dragon scales
 67013 | Depths:2 | Identified the +5 shadow dragon scales of the Rose {rElec rC+ Int-5 Slay+2 Stlth++++} (You found it on level 2 of the Depths)
 67117 | Depths:2 | Found Igaqeb's Food Shop.
 67126 | Depths:2 | Found a one-way gate to the infinite horrors of the Abyss.
 68308 | Depths:3 | Found a one-way gate leading to the halls of Pandemonium.
 68489 | Depths:3 | Noticed a juggernaut
 68508 | Depths:3 | Killed a juggernaut
 69011 | Depths:4 | Found a gateway to a ziggurat.
 70184 | Depths:5 | Entered Level 5 of the Depths
 70315 | Depths:5 | Found a gate to the Realm of Zot.
 70486 | Depths:5 | Found Joaboc's Antique Armour Emporium.
 70495 | Depths:5 | Found Uqaj's Book Shoppe.
 70497 | Depths:5 | Bought a warped shield for 342 gold pieces
 70503 | Depths:5 | Identified the +4 shield "Kiupne" {Regen+ MP-9 SInv} (You bought it in a shop on level 5 of the Depths)
 71046 | Depths:3 | Paralysed by a floating eye for 2 turns
 71830 | Tomb:1   | Noticed a greater mummy
 71841 | Tomb:1   | Killed a greater mummy
 72249 | Tomb:3   | Entered Level 3 of the Tomb of the Ancients
 72249 | Tomb:3   | Noticed Zdeegee's ghost (legendary MiFi)
 72265 | Tomb:3   | Killed Zdeegee's ghost
 72269 | Tomb:3   | Noticed a greater mummy
 72283 | Tomb:3   | Noticed a greater mummy
 72294 | Tomb:3   | Noticed a greater mummy
 72322 | Tomb:3   | Killed a greater mummy
 72336 | Tomb:3   | Killed a greater mummy
 72339 | Tomb:3   | HP: 2/233 [mummy priest's death curse (24)]
 72574 | Tomb:3   | Noticed jjjjhere's ghost (legendary MiMo)
 72577 | Tomb:3   | Killed a greater mummy
 72577 | Tomb:3   | Lost intelligence.
 72579 | Tomb:3   | Noticed a greater mummy
 72581 | Tomb:3   | Noticed a greater mummy
 72599 | Tomb:3   | Noticed a greater mummy
 72600 | Tomb:3   | HP: 7/245 [greater mummy/divine providence (10)]
 73397 | Zot:1    | Entered Level 1 of the Realm of Zot
 74768 | Zot:2    | Noticed an orb of fire
 74768 | Zot:2    | Gained mutation: [Scrolls take you much longer to read.] [an orb of fire]
 74770 | Zot:2    | Gained mutation: [You are very frail. (-20% HP)] [an orb of fire]
 74780 | Zot:2    | Killed an orb of fire
 74885 | Zot:2    | Noticed an orb of fire
 74902 | Zot:2    | Gained mutation: [You are occasionally teleported next to monsters.] [an orb of fire]
 74912 | Zot:2    | Gained mutation: [You are clumsy. (Dex -2)] [an orb of fire]
 74915 | Zot:2    | Gained mutation: [You tend to lose your temper in combat.] [an orb of fire]
 74918 | Zot:2    | Killed an orb of fire
 75955 | Zot:3    | Got a clouded turquoise ring
 75957 | Zot:3    | Identified the ring of the Middle {rCorr Str+8} (You found it on level 3 of the Realm of Zot)
 76172 | Zot:3    | Reached skill level 27 in Armour
 77413 | Vaults:5 | Lost mutation: Your flesh is heat resistant. (rF+) [potion of mutation]
 77413 | Vaults:5 | Lost mutation: [You are clumsy. (Dex -2)] [potion of mutation]
 77413 | Vaults:5 | Lost mutation: [Scrolls take you much longer to read.] [potion of mutation]
 77413 | Vaults:5 | Lost mutation: You are partially covered in molten scales. (AC +2) [potion of mutation]
 77413 | Vaults:5 | Gained mutation: Your spells are a little harder to cast, but a little more powerful. [potion of mutation]
 77578 | Vaults:1 | Lost mutation: [Scrolls take you longer to read.] [potion of mutation]
 77578 | Vaults:1 | Lost mutation: [You occasionally shout uncontrollably at your foes.] [potion of mutation]
 77578 | Vaults:1 | Gained mutation: Your flesh is cold resistant. (rC+) [potion of mutation]
 77578 | Vaults:1 | Lost mutation: [Your magical capacity is low. (-10% MP)] [potion of mutation]
 77578 | Vaults:1 | Gained mutation: You evolve. [potion of mutation]
 77722 | D:15     | Lost mutation: [You are very frail. (-20% HP)] [evolution]
 78686 | Zot:4    | Got a pair of ichor-stained gloves
 78697 | Zot:4    | Identified the +2 pair of gloves of Ryreaf {Regen+ Str+3 Dex-3} (You acquired it on level 4 of the Realm of Zot)
 78734 | Zot:5    | Entered Level 5 of the Realm of Zot
 78809 | Zot:5    | Noticed an orb of fire
 78809 | Zot:5    | Noticed an orb of fire
 78809 | Zot:5    | Noticed an orb of fire
 78809 | Zot:5    | Noticed an orb of fire
 78817 | Zot:5    | Gained mutation: [You are clumsy. (Dex -2)] [an orb of fire]
 78818 | Zot:5    | Killed an orb of fire
 78818 | Zot:5    | Gained mutation: [Your body sometimes deteriorates upon taking damage.] [an orb of fire]
 78821 | Zot:5    | Lost mutation: [Scrolls take you a little longer to read.] [an orb of fire]
 78822 | Zot:5    | Killed an orb of fire
 78823 | Zot:5    | Noticed an ancient lich
 78827 | Zot:5    | Lost mutation: You evolve. [an orb of fire]
 78828 | Zot:5    | Killed an orb of fire
 78830 | Zot:5    | Killed an orb of fire
 78834 | Zot:5    | Killed an ancient lich
 78927 | Zot:5    | Noticed an ancient lich
 78932 | Zot:5    | Killed an ancient lich
 78935 | Zot:5    | Noticed an orb of fire
 78935 | Zot:5    | Noticed an orb of fire
 78943 | Zot:5    | Gained mutation: [You are weak. (Str -2)] [an orb of fire]
 78947 | Zot:5    | Noticed an ancient lich
 78950 | Zot:5    | Killed an orb of fire
 78951 | Zot:5    | Gained mutation: [Your magical capacity is low. (-10% MP)] [an orb of fire]
 78955 | Zot:5    | Noticed an ancient lich
 78955 | Zot:5    | Killed an orb of fire
 78958 | Zot:5    | Killed an ancient lich
 78958 | Zot:5    | Reached skill level 27 in Shields
 78965 | Zot:5    | Killed an ancient lich
 79011 | Zot:5    | Noticed an ancient lich
 79028 | Zot:5    | Killed an ancient lich
 79057 | Zot:5    | Noticed an ancient lich
 79072 | Zot:5    | Killed an ancient lich
 79101 | Zot:5    | Lost mutation: [You are occasionally teleported next to monsters.] [potion of mutation]
 79101 | Zot:5    | Lost mutation: [You are frail. (-10% HP)] [potion of mutation]
 79101 | Zot:5    | Lost mutation: Your flesh is cold resistant. (rC+) [potion of mutation]
 79101 | Zot:5    | Gained mutation: You are partially covered in iridescent scales. (AC +2) [potion of mutation]
 79170 | Zot:5    | Lost mutation: [Your body sometimes deteriorates upon taking damage.] [potion of mutation]
 79170 | Zot:5    | Lost mutation: [You are weak. (Str -2)] [potion of mutation]
 79170 | Zot:5    | Gained mutation: Armour fits poorly on your strangely shaped body. [potion of mutation]
 79170 | Zot:5    | Gained mutation: Your mind is acute. (Int +2) [potion of mutation]
 79278 | Zot:5    | Noticed an ancient lich
 79292 | Zot:5    | Killed an ancient lich
 79507 | Zot:5    | Noticed an ancient lich
 79522 | Zot:5    | Killed an ancient lich
 79905 | Zig:1    | Entered Level 1 of a ziggurat
 79916 | Zig:1    | Reached skill level 1 in Stealth
 79930 | Zig:2    | Entered Level 2 of a ziggurat
 80016 | Zig:3    | Entered Level 3 of a ziggurat
 80055 | Zig:4    | Entered Level 4 of a ziggurat
 80076 | Zig:4    | Got a smoking amber ring
 80085 | Zig:4    | Identified the ring "Iryt" {rN+ MR+ Dex-5 Slay+2 Stlth+} (You found it on level 4 of a ziggurat)
 80105 | Zig:5    | Entered Level 5 of a ziggurat
 80110 | Zig:5    | Noticed a juggernaut
 80126 | Zig:5    | Killed a juggernaut
 80153 | Zig:6    | Entered Level 6 of a ziggurat
 80217 | Zig:7    | Entered Level 7 of a ziggurat
 80254 | Zig:7    | Got a pitted turquoise ring
 80256 | Zig:7    | Lost intelligence.
 80256 | Zig:7    | Identified the ring of Arukic {rElec MP+9 Int-3 Dex+6 Stlth+} (You found it on level 7 of a ziggurat)
 80363 | Zig:8    | Entered Level 8 of a ziggurat
 80414 | Zig:8    | Lost mutation: Your mind is acute. (Int +2) [potion of mutation]
 80414 | Zig:8    | Lost mutation: You passively map a small area around you. [potion of mutation]
 80414 | Zig:8    | Lost mutation: Your spells are a little harder to cast, but a little more powerful. [potion of mutation]
 80414 | Zig:8    | Lost mutation: [Your magical capacity is low. (-10% MP)] [potion of mutation]
 80414 | Zig:8    | Gained mutation: [Your spells are a little easier to cast, but a little less powerful.] [potion of mutation]
 80414 | Zig:8    | Gained mutation: You have sharp toenails. [potion of mutation]
 80435 | Zig:9    | Entered Level 9 of a ziggurat
 80447 | Zig:9    | Reached skill level 5 in Stealth
 80476 | Zig:9    | Identified the Guide on Orientation and Fire
 80479 | Zig:9    | Got a brightly glowing ring mail
 80480 | Zig:9    | Identified the cursed +1 ring mail of the Unstoppable Gods {rPois Int+2 Dex+4} (You found it on level 9 of a ziggurat)
 80484 | Zig:9    | Lost mutation: [You tend to lose your temper in combat.] [potion of mutation]
 80484 | Zig:9    | Lost mutation: [You are clumsy. (Dex -2)] [potion of mutation]
 80484 | Zig:9    | Lost mutation: Armour fits poorly on your strangely shaped body. [potion of mutation]
 80484 | Zig:9    | Lost mutation: You have sharp toenails. [potion of mutation]
 80484 | Zig:9    | Lost mutation: [Your spells are a little easier to cast, but a little less powerful.] [potion of mutation]
 80484 | Zig:9    | Gained mutation: Your movements are slightly less encumbered by armour. (ER -2) [potion of mutation]
 80484 | Zig:9    | Lost mutation: Your natural rate of healing is unusually fast. [potion of mutation]
 80484 | Zig:9    | Gained mutation: You are resistant to hostile enchantments. (MR+) [potion of mutation]
 80488 | Zig:9    | Identified the Compendium of Ice
 80493 | Zig:10   | Entered Level 10 of a ziggurat
 80576 | Zig:11   | Entered Level 11 of a ziggurat
 80587 | Zig:11   | Reached skill level 27 in Dodging
 80790 | Zig:12   | Entered Level 12 of a ziggurat
 80799 | Zig:12   | Noticed Neujufo the pandemonium lord
 80811 | Zig:12   | Killed Neujufo the pandemonium lord
 80811 | Zig:12   | Lost mutation: You are partially covered in iridescent scales. (AC +2) [a cacodemon]
 80820 | Zig:12   | Gained mutation: You expend magic power (3 MP) to strengthen your wands. [a cacodemon]
 80872 | Zig:12   | Identified Jisilla's Guide on Fire and Enchantment
 80884 | Zig:12   | Got a transparent flail
 80885 | Zig:12   | Identified the cursed +1 flail of Defence {freeze, rF+ MR+ Dex+3 Stlth+} (You found it on level 12 of a ziggurat)
 80892 | Zig:13   | Entered Level 13 of a ziggurat
 80929 | Zig:13   | Reached skill level 10 in Stealth
 80952 | Zig:13   | Got a shimmering golden ring
 80954 | Zig:13   | Identified the ring "Jiesih" {rN+ Str+6 Stlth+} (You found it on level 13 of a ziggurat)
 81000 | Zig:13   | Got a faintly glowing hunting sling
 81001 | Zig:13   | Identified the +10 hunting sling of Reason {venom, +Fly rElec Int-4 Dex-4} (You found it on level 13 of a ziggurat)
 81007 | Zig:14   | Entered Level 14 of a ziggurat
 81126 | Zig:15   | Entered Level 15 of a ziggurat
 81229 | Zig:15   | Identified Geyruopp's Grimoire of Bewitchment and the Blaze
 81251 | Zig:16   | Entered Level 16 of a ziggurat
 81257 | Zig:16   | Noticed Soen the pandemonium lord
 81257 | Zig:16   | Noticed Uplus the pandemonium lord
 81259 | Zig:16   | Noticed Boimma Otwu the pandemonium lord
 81259 | Zig:16   | Noticed Kidis the pandemonium lord
 81259 | Zig:16   | Noticed Ruynes the pandemonium lord
 81259 | Zig:16   | Noticed Bagop the pandemonium lord
 81259 | Zig:16   | Noticed Zoweeq the pandemonium lord
 81259 | Zig:16   | Noticed Liplot the pandemonium lord
 81270 | Zig:16   | Killed Boimma Otwu the pandemonium lord
 81274 | Zig:16   | Killed Soen the pandemonium lord
 81274 | Zig:16   | Killed Uplus the pandemonium lord
 81279 | Zig:16   | Killed Ruynes the pandemonium lord
 81285 | Zig:16   | Killed Kidis the pandemonium lord
 81285 | Zig:16   | Killed Liplot the pandemonium lord
 81287 | Zig:16   | Killed Zoweeq the pandemonium lord
 81298 | Zig:16   | Killed Bagop the pandemonium lord
 81325 | Zig:16   | Got a bound turquoise ring
 81326 | Zig:16   | Identified the ring "Jowkafonga" {+Fly rF- Dex+7} (You found it on level 16 of a ziggurat)
 81334 | Zig:16   | Got a brightly glowing glaive
 81335 | Zig:16   | Identified the cursed +0 glaive of the Five Beggars {chop, Str+4 Int+5} (You found it on level 16 of a ziggurat)
 81345 | Zig:16   | Identified the Catalogue of Ghastly Air
 81362 | Zig:17   | Entered Level 17 of a ziggurat
 81370 | Zig:17   | Noticed an ancient lich
 81377 | Zig:17   | Noticed an ancient lich
 81385 | Zig:17   | Killed an ancient lich
 81386 | Zig:17   | Killed an ancient lich
 81715 | Zig:17   | Identified the Reference Book on Intoxication
 81727 | Zig:17   | Got a bone triple sword
 81728 | Zig:17   | Identified the +9 triple sword of Lies {slice, +Inv rElec rF- Str+4} (You found it on level 17 of a ziggurat)
 81732 | Zig:17   | Got a crystal spear
 81733 | Zig:17   | Identified the +7 spear "Widowmaker" {venom, Int+5} (You found it on level 17 of a ziggurat)
 81741 | Zig:17   | Got a warped scale mail
 81742 | Zig:17   | Identified the cursed +1 scale mail "Kutulux" {Int-4 Dex+3 SInv} (You found it on level 17 of a ziggurat)
 81747 | Zig:18   | Entered Level 18 of a ziggurat
 81758 | Zig:18   | Noticed Wesuodeti the pandemonium lord
 81773 | Zig:18   | Reached skill level 15 in Stealth
 81775 | Zig:18   | Killed Wesuodeti the pandemonium lord
 81802 | Zig:18   | Identified the Guide on Freezing Calling
 81811 | Zig:18   | Got a spiked chain mail
 81812 | Zig:18   | Identified the cursed +0 chain mail of the Morning Star {MR+ Regen+ Slay+3} (You found it on level 18 of a ziggurat)
 81847 | Zig:18   | Got a dazzling hand axe
 81848 | Zig:18   | Identified the cursed +1 hand axe "Dejycsa" {vamp, -Tele rPois rC+++ Stlth+} (You found it on level 18 of a ziggurat)
 81871 | Zig:18   | Got a fine chain mail
 81872 | Zig:18   | Identified the cursed +1 chain mail of Weirdness {+Inv rElec MR++ Int-5} (You found it on level 18 of a ziggurat)
 81883 | Zig:19   | Entered Level 19 of a ziggurat
 81900 | Zig:19   | Paralysed by accursed screaming for 2 turns
 81907 | Zig:19   | Paralysed by accursed screaming for 2 turns
 81908 | Zig:19   | Lost intelligence.
 81911 | Zig:19   | HP: 2/191 [starcursed mass/accursed screaming (13)]
 81912 | Zig:19   | Slain by a large abomination

Skill      XL: |  1  2  3  4  5  6  7  8  9 10 11 12 13 14 15 16 17 18 19 20 21 22 23 24 25 26 27 |
---------------+----------------------------------------------------------------------------------+-----
Axes           | 4 5 6 7 8 9 10 11 12 13 14 15 17 18 19 21 22 23 24 25 26 27 | 27.0
Dodging        | 4 5 6 7 8 10 11 12 13 16 17 27 | 27.0
Armour         | 1 2 4 6 7 9 10 12 13 14 15 16 17 18 19 21 22 27 | 27.0
Fighting       | 3 5 6 8 9 10 11 13 14 16 17 18 19 21 22 23 24 25 26 27 | 27.0
Invocations    | 1 2 4 5 6 7 8 9 10 12 13 14 15 23 | 23.4
Throwing       | 3 4 5 |  5.0
Evocations     | 2 3 7 8 |  8.0
Shields        | 4 10 11 13 15 17 20 21 27 | 27.0
Stealth        | 15 | 15.2
Unarmed Combat | |  0.2

Action                   |  1- 3 |  4- 6 |  7- 9 | 10-12 | 13-15 | 16-18 | 19-21 | 22-24 | 25-27 || total
-------------------------+-------+-------+-------+-------+-------+-------+-------+-------+-------++-------
Melee: War axe           |    81 |   125 |   198 |   618 |   402 |    40 |       |       |       ||  1464
       Headbutt          |    13 |    16 |    43 |   152 |   308 |   339 |   539 |   399 |  1082 ||  2891
       Unarmed           |       |     2 |       |       |       |       |       |       |       ||     2
       Whip              |       |       |    12 |       |       |       |       |       |       ||    12
       Hand axe          |       |       |       |    19 |   480 |    44 |       |       |       ||   543
       Broad axe         |       |       |       |       |   329 |  1109 |  1539 |  1142 |  3118 ||  7237
       Bite              |       |       |       |       |       |       |   115 |   230 |   606 ||   951
Throw: Throwing net      |       |     1 |     2 |     3 |     1 |     1 |       |       |     3 ||    11
       Tomahawk          |       |       |       |    29 |    13 |    71 |     2 |       |     1 ||   116
       Javelin           |       |       |       |       |    10 |    39 |    21 |       |    44 ||   114
Invok: Divine Shield     |       |       |       |    14 |    10 |    19 |     9 |    14 |    69 ||   135
       Summon Divine War |       |       |       |       |     1 |     9 |     4 |     7 |    51 ||    72
       Cleansing Flame   |       |       |       |       |     1 |     2 |     1 |     3 |    19 ||    26
       Brand Weapon With |       |       |       |       |       |       |     1 |       |       ||     1
 Abil: Evoke Blink       |       |       |       |       |       |     2 |    13 |       |     3 ||    18
       Evoke Flight      |       |       |       |       |       |       |       |       |     2 ||     2
Evoke: Wand              |       |       |       |    12 |       |     8 |    13 |     3 |     9 ||    45
       Box of beasts     |       |       |       |       |     1 |     1 |     2 |       |       ||     4
       Sack of spiders   |       |       |       |       |       |     2 |     1 |     3 |     1 ||     7
       Lamp of fire      |       |       |       |       |       |     1 |       |     1 |     2 ||     4
       Phial of floods   |       |       |       |       |       |       |       |     1 |     4 ||     5
       Fan of gales      |       |       |       |       |       |       |       |     1 |       ||     1
       Phantom mirror    |       |       |       |       |       |       |       |       |     1 ||     1
  Use: Scroll            |     1 |     3 |     9 |    13 |    10 |    12 |    13 |     8 |    42 ||   111
       Potion            |       |       |     3 |    12 |     3 |       |     5 |       |    28 ||    51
  Eat: Chunk             |       |     5 |     2 |    19 |    16 |     8 |    15 |     2 |    29 ||    96
       Meat ration       |       |     1 |     1 |     2 |     4 |     4 |     2 |     1 |     7 ||    22
       Royal jelly       |       |       |       |     2 |     2 |       |     9 |       |     9 ||    22
       Fruit             |       |       |       |     1 |     3 |     1 |       |     1 |     7 ||    13
       Bread ration      |       |       |       |       |       |     1 |     3 |     3 |     3 ||    10
Armor: Leather armour    |    12 |    23 |    13 |       |     3 |    13 |       |       |       ||    64
       Ring mail         |       |       |    41 |    91 |       |       |       |       |       ||   132
       Troll leather arm |       |       |       |    17 |       |       |       |       |       ||    17
       Plate armour      |       |       |       |    10 |   358 |   286 |   441 |   300 |   235 ||  1630
       Swamp dragon scal |       |       |       |       |       |     2 |    93 |       |       ||    95
       Shadow dragon sca |       |       |       |       |       |       |       |       |   440 ||   440
Dodge: Dodged            |    71 |    74 |   121 |   471 |   495 |   352 |   643 |   397 |  1211 ||  3835
       Deflected         |       |       |       |       |       |       |       |       |     6 ||     6
Block: Other             |       |       |       |    63 |    14 |       |       |       |       ||    77
       Buckler           |       |       |       |       |   238 |       |       |       |       ||   238
       Shield            |       |       |       |       |    24 |   936 |  1103 |  1019 |  3326 ||  6408
       Reflection        |       |       |       |       |       |       |       |       |    65 ||    65
